 Dungeon Crawl Stone Soup version 0.30-a0-696-g2367cd0 (webtiles) character file.

Game seed: 11337296739208676160

135 milkiemew the Poker (level 4, -8/51 HPs)
             Began as a Demonspawn Gladiator on Jan 19, 2023.
             Killed by an exploding iguana (10 damage)
             ... ignited by their inner flame
             ... on level 5 of the Dungeon on Jan 20, 2023.
             The game lasted 00:05:50 (2168 turns).

milkiemew the Poker (Demonspawn Gladiator)          Turns: 2168, Time: 00:05:51

Health: -8/51      AC: 10    Str: 17    XL:     4   Next: 97%
Magic:  4/4        EV:  8    Int:  9    God:
Gold:   183        SH:  0    Dex: 14    Spells: 3/3 levels left

rFire   . . .      SeeInvis +    a - +0 trident
rCold   . . .      Faith    .    (no shield)
rNeg    . . .      Spirit   .    p - +0 chain mail
rPois   .          Reflect  .    c - +1 helmet
rElec   .          Harm     .    (no cloak)
rCorr   .          Rampage  .    (no gloves)
Will    .....                    (no boots) Stlth
                                 (no amulet)
HPRegen 0.28/turn                i - ring of see invisible
MPRegen 0.09/turn                (no ring)

@: berserking, very quick
A: ignite blood 1, weakness stinger 1
a: no special abilities


You were on level 5 of the Dungeon.
You visited 1 branch of the dungeon, and saw 4 of its levels.

You collected 183 gold pieces.

Inventory:

Hand Weapons
 a - a +0 trident (weapon)
Missiles
 d - 3 throwing nets (quivered)
 e - a javelin
 t - 5 poisoned darts
Armour
 b - a +0 leather armour
 c - a +1 helmet (worn)
 o - a +0 ring mail
 p - a +0 chain mail (worn)
Jewellery
 i - a ring of see invisible (left hand)
Wands
 l - a wand of digging (4)
Scrolls
 h - 4 scrolls of identify {unknown}
 r - 2 scrolls of fear {unknown}
Potions
 f - a potion of curing
 g - a potion of heal wounds {unknown}
 j - a potion of might {unknown}
 q - 2 potions of haste {unknown}
 u - a potion of magic {unknown}
 v - a potion of flight {unknown}


   Skills:
 + Level 2.6 Fighting
 + Level 4.1 Polearms
 + Level 1.8 Throwing
 + Level 1.1 Armour
 + Level 3.3 Dodging
 + Level 0.4 Stealth


You had 3 spell levels left.
You didn't know any spells.
Your spell library contained the following spells:

 Spells                   Type           Power      Damage    Failure   Level
 Passage of Golubria      Tloc           0%         N/A       100%        4
 Silence                  Hex/Air        0%         N/A       100%        5
 Lehudib's Crystal Spear  Conj/Erth      0%         10d2      100%        8


Dungeon Overview and Level Annotations

Branches:
Dungeon (3/15)

Altars:


Innate Abilities, Weirdness & Mutations

Your demonic aura sometimes causes spilled blood to erupt in flames.
You have a small tail.


Message History

As you read the scroll labelled BIMYFF IQESUS, it crumbles to dust.
The creatures around you are filled with an inner flame!
It was a scroll of immolation.
The wyvern bites you. The iguana bites you.
As you read the scroll labelled TUERHA TAMUT, it crumbles to dust.
It is a scroll of enchant armour.
Your +0 helmet glows green for a moment.
The wyvern bites you.
* * * LOW HITPOINT WARNING * * *
The wyvern bites you.
* * * LOW HITPOINT WARNING * * *
The necrophage hits you but does no damage.
The iguana bites you but does no damage.
It was a potion of curing.
You feel better. The wyvern bites you.
* * * LOW HITPOINT WARNING * * *
The necrophage hits you but does no damage.
The iguana barely misses you.
It was a potion of berserk rage.
A red film seems to cover your vision as you go berserk!
You feel yourself moving faster!
You feel mighty!
The wyvern bites you but does no damage.
The wyvern hisses menacingly.
The wyvern bites you but does no damage.
The necrophage barely misses you. The iguana bites you.
* * * LOW HITPOINT WARNING * * *
Unknown command.
You don't know any spells.
You don't know any spells.
You are too berserk!
You puncture the iguana!
Flame seeps out of the iguana.
The iguana is severely wounded.
The wyvern bites you.
* * * LOW HITPOINT WARNING * * *
You closely miss the iguana.
Your tail-slap misses the iguana.
The iguana is severely wounded.
The necrophage hits you but does no damage.
The iguana is engulfed in blazing flames.
The iguana explodes!
The fiery explosion engulfs the wyvern!!!
The fiery explosion engulfs you!
You die...

## #. #######
#. #.#§@n#
#.#(#.○#.......
#.####§#.......
#l...##.......
###### ....###
###.# .# #


You could see a necrophage (inner flame).

Vanquished Creatures
  A wyvern (D:5)
  An orc priest (D:3)
  An iguana (D:5)
  An adder (D:3)
  A worm (D:3)
  5 dart slugs
  8 orcs (D:3)
  6 bats
  5 endoplasms
  4 giant cockroaches
  3 goblins
  5 hobgoblins
  9 jackals
  2 quokkas
  3 ball pythons
  4 kobolds
  14 rats
73 creatures vanquished.

Notes
Turn   | Place    | Note
-------+----------+-------------------------------------------
     0 | D:1      | milkiemew the Demonspawn Gladiator began the quest for the
                  | Orb.
     0 | D:1      | Reached XP level 1. HP: 16/16 MP: 1/1
   202 | D:1      | Reached skill level 3 in Polearms
   202 | D:1      | Gained mutation: You have a small tail. [demonic ancestry]
   202 | D:1      | Reached XP level 2. HP: 22/22 MP: 2/2
   553 | D:1      | Gained mutation: Your demonic aura sometimes causes spilled
                  | blood to erupt in flames. [demonic ancestry]
   553 | D:1      | Reached XP level 3. HP: 8/27 MP: 3/3
  1595 | D:2      | Reached XP level 4. HP: 34/34 MP: 4/4
  1767 | D:3      | Reached skill level 4 in Polearms
  2014 | D:3      | Reached skill level 1 in Armour
  2140 | D:3      | Upgraded the game from 0.30-a0-691-g754fce4 to
                  | 0.30-a0-696-g2367cd0
  2144 | D:3      | You fall into a shaft and drop 2 floors!
  2144 | D:5      | Entered Level 5 of the Dungeon
  2152 | D:5      | Noticed a wyvern
  2160 | D:5      | Noticed a necrophage
  2167 | D:5      | HP: 2/51 [wyvern (6)]
  2168 | D:5      | Killed a wyvern
  2168 | D:5      | Killed by an exploding iguana... ignited by their inner
                  | flame

Illustrated notes

Levels and vault maps discovered:
D:1:      minmay_arrival_doors, layout_basic, chequers_decorated_corner,
          skrybe_limestone_x, minmay_rat_gold_closets
D:2:      layout_basic, chequers_garden, minmay_strange_pillars
D:3:      layout_loops_ring
D:5:      layout_basic, minmay_hollow_rounded_squares

Skill      XL: |  1  2  3  4 |
---------------+-------------+-----
Polearms       | 3 4 |  4.1
Dodging        | 3 |  3.3
Armour         | 1 |  1.1
Fighting       | |  2.6
Throwing       | |  1.8
Stealth        | |  0.4

Action                   |  1- 3 |  4- 6 || total
-------------------------+-------+-------++-------
Melee: Trident           |   149 |    70 ||   219
       Tailslap          |    15 |     6 ||    21
       Punch             |     1 |       ||     1
  Use: Scroll            |       |     3 ||     3
       Potion            |       |     2 ||     2
 Stab: Sleeping          |     2 |       ||     2
Armor: Leather armour    |    46 |       ||    46
       Chain mail        |     2 |    34 ||    36
Dodge: Dodged            |   125 |    23 ||   148

Table legend: (Time is in decaauts)
 A = Elapsed time spent in this place.
 B = Non-inter-level travel time spent in this place.
 C = Inter-level travel time spent in this place.
 D = Time resting spent in this place.
 E = Time spent auto-exploring this place.
 F = Levels seen in this place.
 G = Mean time per level.
                   A        B        C        D        E       F      G
               +--------+--------+--------+--------+--------+-----+--------+
         Total |   2193 |   2117 |     76 |      0 |   1626 |   4 |  548.2 |
       Dungeon |   2193 |   2117 |     76 |      0 |   1626 |   4 |  548.2 |
               +--------+--------+--------+--------+--------+-----+--------+

Top non-repeatable levels by time:
     D:1: 888 daAuts
     D:2: 863 daAuts
     D:3: 418 daAuts
     D:5: 23 daAuts
